 Dungeon Crawl Stone Soup version 0.27-a0-604-g29a88b33a7 (webtiles) character file.

Game seed: 4651251584143698504

6 jasper the Ducker (level 1, 0/11 HPs)
             Began as a Spriggan Fighter on Mar 12, 2021.
             Slain by a kobold
             ... wielding a +0 short sword
              (5 damage)
             ... on level 1 of the Dungeon.
             The game lasted 00:00:17 (430 turns).

jasper the Ducker (Spriggan Fighter)                 Turns: 430, Time: 00:00:18

Health: 0/11       AC:  2    Str: 12    XL:     1   Next: 75%
Magic:  2/2        EV: 17    Int:  9    God:
Gold:   16         SH:  6    Dex: 14    Spells: 0/0 levels left

rFire    . . .     SeeInvis +   a - +0 long sword
rCold    . . .     Faith    .   c - +0 buckler
rNeg     . . .     Spirit   .   b - +0 robe
rPois    .         Reflect  .   (helmet restricted)
rElec    .         Harm     .   (no cloak)
rCorr    .         Rampage  .   (gloves unavailable)
Will     .....                  (boots unavailable)
Stlth    +.........             (no amulet)
HPRegen  0.03/turn              (no ring)
MPRegen  0.08/turn              (no ring)

@: very quick
A: very small, unfitting armour, see invisible, speed 3
a: no special abilities


You were on level 1 of the Dungeon.
You visited 1 branch of the dungeon, and saw 1 of its levels.

You collected 16 gold pieces.

Inventory:

Hand Weapons
 a - a +0 long sword (weapon)
 f - a +2 dagger of venom
Armour
 b - a +0 robe (worn)
 c - a +0 buckler (worn)
Scrolls
 e - a scroll of teleportation {unknown}
Potions
 d - 2 potions of might


   Skills:
 - Level 2.4 Fighting
 + Level 2.1 Long Blades
 - Level 4.0 Dodging
 - Level 2.1 Shields


You couldn't memorise any spells.
You didn't know any spells.
Your spell library was empty.

Dungeon Overview and Level Annotations

Branches:
Dungeon (1/15)

Altars:


Innate Abilities, Weirdness & Mutations

You are very small and have problems with some larger weapons.
You are too small for most types of armour.
You have supernaturally acute eyesight. (SInv)
You cover ground extremely quickly. (Speed+++)


Message History

You start resting.
You feel sick.
You take 1 damage, and have 8/11 hp.
You feel sick.
You feel sick.
You take 1 damage, and have 7/11 hp.
You feel sick.
You take 1 damage, and have 6/11 hp.
You feel sick.
You take 1 damage, and have 5/11 hp.
You start resting.
You feel sick.
You take 1 damage, and have 4/11 hp.
You start resting.
You feel sick.
You take 1 damage, and have 3/11 hp.
You start resting.
You feel sick.
You are no longer poisoned.
You take 1 damage, and have 2/11 hp.
You start resting.
You start resting.
HP restored.
Health restored: 11 You now have 16 gold pieces (gained 8).
A kobold comes into view. It is wielding a +0 short sword.
The kobold shouts!
A kobold is nearby!
A kobold is nearby!
A rat comes into view.
The kobold barely misses you.
You barely miss the kobold. The kobold closely misses you.
You miss the kobold.
The kobold hits you with a +0 short sword. x2
You take 6 damage, and have 5/11 hp.
MASSIVE DAMAGE!!
You are too injured to fight recklessly!
You are too injured to fight recklessly!
You are too injured to fight recklessly!
You hit the kobold but do no damage.
The kobold hits you with a +0 short sword.
You die...

#......... #.........
#####..... ######
#############
#............
############.###########
.....rK@.....# #####
###########..# #...'
#..# #.<.# #..# #...#
#..# ##+## #..# #..#
#..#


You could see a kobold and a rat.

Vanquished Creatures
  A giant cockroach (D:1)
  A goblin (D:1)
  A hobgoblin (D:1)
  A kobold (D:1)
  A bat (D:1)
5 creatures vanquished.

Notes
Turn   | Place    | Note
-------+----------+-------------------------------------------
     0 | D:1      | jasper the Spriggan Fighter began the quest for the Orb.
     0 | D:1      | Reached XP level 1. HP: 11/11 MP: 2/2
   430 | D:1      | Slain by a kobold

Illustrated notes

Levels and vault maps discovered:
D:1:      dpeg_arrival_simpleton_b, layout_basic

Skill      XL: |  1 |
---------------+----+-----
Long Blades    | 2 |  2.1
Fighting       | |  2.4
Dodging        | |  4.0
Shields        | |  2.1

Action                   || total
-------------------------++-------
Melee: Long sword        ||    15
Dodge: Dodged            ||    11
Block: Buckler           ||     4
       Rpst.: Long sword ||     3

Table legend: (Time is in decaauts)
 A = Elapsed time spent in this place.
 B = Non-inter-level travel time spent in this place.
 C = Inter-level travel time spent in this place.
 D = Time resting spent in this place.
 E = Time spent auto-exploring this place.
 F = Levels seen in this place.
 G = Mean time per level.
                   A        B        C        D        E       F      G
               +--------+--------+--------+--------+--------+-----+--------+
         Total |    392 |    392 |      0 |    292 |     61 |   1 |  392.0 |
       Dungeon |    392 |    392 |      0 |    292 |     61 |   1 |  392.0 |
               +--------+--------+--------+--------+--------+-----+--------+

Top non-repeatable levels by time:
     D:1: 392 daAuts
